 Dungeon Crawl Stone Soup version 0.26-a0-651-gb41185065b (webtiles) character file.

Game seed: 17924950677471886992

52 kae the Ruffian (level 3, -3/29 HPs)
             Began as a Draconian Transmuter on Oct 7, 2020.
             Slain by Terence
             ... wielding a +0 hand axe
              (4 damage)
             ... on level 2 of the Dungeon.
             The game lasted 00:00:50 (1518 turns).

kae the Ruffian (Draconian Transmuter)              Turns: 1518, Time: 00:00:51

Health: -3/29      AC:  5    Str: 13    XL:     3   Next: 60%
Magic:  6/6        EV: 12    Int: 13    God:
Gold:   110        SH:  0    Dex: 11    Spells: 5/6 levels left

rFire    . . .     SeeInvis .     - Unarmed
rCold    . . .     Faith    .   (no shield)
rNeg     . . .     Spirit   .   (armour unavailable)
rPois    .         Reflect  .   (helmet restricted)
rElec    .         Harm     .   (no cloak)
rCorr    .         Rampage  .   (no gloves)
MR       .....                  (no boots)
Stlth    +.........             (no amulet)
HPRegen  0.09/turn              (no ring)
MPRegen  0.10/turn              (no ring)

@: no status effects
A: unfitting armour, cold-blooded, AC +5
a: no special abilities


You were on level 2 of the Dungeon.
You visited 1 branch of the dungeon, and saw 2 of its levels.

You collected 110 gold pieces.

Inventory:

Scrolls
 a - a scroll of enchant armour
 f - 2 scrolls of identify {unknown}
Potions
 b - 2 potions of curing {unknown}
 c - a potion of stabbing {unknown}
 d - a potion of magic {unknown}
 e - a potion of lignification {unknown}


   Skills:
 - Level 2.0 Fighting
 - Level 1.7 Dodging
 * Level 4.0 Unarmed Combat
 - Level 2.0 Spellcasting
 + Level 2.6 Transmutations


You had 5 spell levels left.
You knew the following spells:

 Your Spells              Type           Power        Failure   Level
a - Beastly Appendage     Tmut           #.....       9%          1

Your spell library contained the following spells:

 Spells                   Type           Power        Failure   Level
 Wereblood                Tmut           #.......     13%         2
 Spider Form              Tmut/Pois      #.........   41%         3
 Ice Form                 Ice/Tmut       #.......     83%         4
 Blade Hands              Tmut           #.........   94%         5


Dungeon Overview and Level Annotations

Branches:
Dungeon (2/15)

Altars:

Annotations:
D:2 Terence


Innate Abilities, Weirdness & Mutations

Your plain brown scales are hard. (AC +5)
You cannot fit into any form of body armour.
You are cold-blooded and may be slowed by cold attacks.


Message History

You hit Terence but do no damage. You claw Terence, but do no damage.
Terence is moderately wounded.
Terence hits you with a +0 hand axe!
* * * LOW HITPOINT WARNING * * *
You hit Terence.
Terence is severely wounded.
Terence hits you with a +0 hand axe.
* * * LOW HITPOINT WARNING * * *
Okay, then.
You hit Terence. You headbutt Terence, but do no damage.
Terence is severely wounded.
Your horns disappear.
Your talons disappear.
Terence closely misses you.
You barely miss Terence.
Terence is severely wounded.
Terence barely misses you.
You barely miss Terence.
Terence is severely wounded.
Terence hits you with a +0 hand axe.
You die...

###.# ## #####...# .
........# #. #####...#
##.# ##..# ##...# #..#
##.?...## #..#####
#.......####......#
<......@........#.#####.
#......@####.##.........
##....... #..####.######
##...##.##.#####.###.##
#### .##.# #.รท.##...#
.##.# #......... .##.#
#......... )##.#
##.####.#. #.# #.# #.##


You could see Terence.

Vanquished Creatures
  2 adders (D:2)
  An ooze (D:1)
  2 worms (D:2)
  A leopard gecko (D:2)
  2 giant cockroaches (D:1)
  2 goblins (D:1)
  2 hobgoblins (D:1)
  2 jackals (D:2)
  2 kobolds (D:1)
  A quokka (D:2)
  3 bats
  2 rats (D:1)
22 creatures vanquished.

Notes
Turn   | Place    | Note
-------+----------+-------------------------------------------
     0 | D:1      | kae the Draconian Transmuter began the quest for the Orb.
     0 | D:1      | Reached XP level 1. HP: 16/16 MP: 3/3
   305 | D:1      | Reached XP level 2. HP: 17/23 MP: 3/5
  1048 | D:2      | Reached XP level 3. HP: 26/29 MP: 4/6
  1321 | D:2      | Reached skill level 4 in Unarmed Combat
  1498 | D:2      | Noticed Terence
  1515 | D:2      | HP: 1/29 [Terence/+0 hand axe (2)]
  1518 | D:2      | Slain by Terence

Illustrated notes

Levels and vault maps discovered:
D:1:      roderic_dead_forest, layout_loops_ring
D:2:      layout_loops_ring, nicolae_overflow_hidden_temple, minmay_3d_cube,
          uniq_terence

Skill      XL: |  1  2  3 |
---------------+----------+-----
Fighting       | 2 |  2.0
Unarmed Combat | 4 |  4.0
Dodging        | |  1.7
Spellcasting   | |  2.0
Transmutations | |  2.6

Action                   || total
-------------------------++-------
Melee: Unarmed           ||    81
       Kick              ||    20
       Headbutt          ||    13
       Tailslap          ||     6
       Punch             ||     1
 Cast: Beastly Appendage ||    15
  Use: Scroll            ||     1
Armor: Skin              ||    18
Dodge: Dodged            ||    43

Table legend: (Time is in decaauts)
 A = Elapsed time spent in this place.
 B = Non-inter-level travel time spent in this place.
 C = Inter-level travel time spent in this place.
 D = Time resting spent in this place.
 E = Time spent auto-exploring this place.
 F = Levels seen in this place.
 G = Mean time per level.
                   A        B        C        D        E       F      G
               +--------+--------+--------+--------+--------+-----+--------+
         Total |   1511 |   1468 |     43 |      4 |   1298 |   2 |  755.5 |
       Dungeon |   1511 |   1468 |     43 |      4 |   1298 |   2 |  755.5 |
               +--------+--------+--------+--------+--------+-----+--------+

Top non-repeatable levels by time:
     D:1: 1032 daAuts
     D:2: 479 daAuts
